Elrinda, chaotic female elven Priestess -------------- |............| ----- .............| |...| |..........<.| #.&&{| |.............#######|..@| -------------- # ----- Elrinda the Acolyte Experience level: 4 Strength: 14 Dexterity: 12 Constitution: 13 Intelligence: 9 Wisdom: 18 Charisma: 10 Health: 0(30) Energy: 53(53) Def: 7 Gold: 188 Moves: 2994 Dungeon seed: MdHo5ba0VNMhU8Vi Game ID: Elrinda_1477107541 Your Inventory: Coins $ - 188 gold pieces Weapons a - a blessed +1 mace (weapon in hand) p - a +0 orcish dagger F - a +0 elven dagger (in quiver) Armor e - a +0 robe (being worn) n - a +0 small shield (being worn) r - a blessed +1 ring mail (being worn) Comestibles c - a clove of garlic d - a sprig of wolfsbane m - a cursed fortune cookie q - a fortune cookie v - a pear E - 2 lichen corpses P - 2 eggs R - a food ration Scrolls o - a scroll of enchant weapon named sell 30 s - a scroll of light named sell 25 A - a scroll of light Q - a scroll of amnesia Spellbooks f - a spellbook of create monster g - a spellbook of detect unseen Potions b - a potion of holy water M - 2 potions of sickness named sell 25 Rings D - a ring of sustain ability G - a ring of teleport control Tools h - a magic marker (0:47) i - a wooden harp x - a blindfold Gems y - a worthless piece of red glass Spells and supernatural/magical abilities: Name Level Category Fail Memory O - create monster 2 clerical 31% 86% U - detect unseen 3 divination 100% 86% W - pray for help -- divine ? -- X - turn undead -- divine ? -- Your skills at the end: Fighting Skills wands [Basic] Weapon Skills mace [Basic] Spellcasting Skills clerical spells [Basic] Final Attributes: You were piously aligned. You were sleep resistant. You were confused. You saw invisible. You had infravision. You are dead. Vanquished creatures: a little dog 2 acid blobs 2 hobbits 2 giant rats 2 yellow molds a red mold 6 geckos a jackal 2 foxes a goblin 2 grid bugs 3 bats 4 lichens 3 kobold zombies 5 newts 37 creatures vanquished. Voluntary challenges: You used a wielded weapon 38 times, starting on turn 50. You read items or engraved 6 times, starting on turn 1389. You never genocided any monsters. You never polymorphed an object. You never changed form. You used no wishes. You never split a pudding. You wrote Elbereth's name 2 times, starting on turn 2991. You never violated your personal moral code. Dungeon overview: The Dungeons of Doom: levels 1 to 4 Level 1 a fountain a long staircase Level 2 a general store, a fountain stairs to The Gnomish Mines Level 3 a potion shop, a fountain Level 4 <- You were here a fountain The Gnomish Mines: Level 3 stairs to The Dungeons of Doom History has recorded: On T:1 you entered the Dungeons of Doom to retrieve the Amulet of Yendor! On T:559 you reached level 2 of The Dungeons of Doom. On T:597 you reached level 3 of The Dungeons of Doom. On T:737 you reached level 1 of The Gnomish Mines. On T:1335 you reached level 4 of The Dungeons of Doom. On T:1378 you advanced to experience level 2. On T:2397 you advanced to experience level 3. On T:2780 you advanced to experience level 4. Score breakdown: Gold: 188 ( 7743 points) Experience: 4 levels ( 9649 points) Exploration: 4 levels ( 8.51%) ( 7661 points) Discoveries: 3 items ( 1.04%) ( 3056 points) Valuables value: (no points given unless you survive) Artifact value: 0 ( 0 points) Variety of kills: 15 monsters ( 3.92%) ( 5937 points) Turncount: 2994 turns ( -597 points) Survival: died (score multiplied by 80%) Total score: 26759 Latest messages: The water demon just misses! The water demon hits! The water demon bites! You write in the dust with your fingers. The water demon hits! The water demon misses. The water demon bites! You add to the writing in the dust with your fingers. The water demon turns to flee! The water demon hits! (2x) The water demon bites! Ooph! This tastes like liquid fire! The water demon hits! (2x) The water demon bites! Magical energies course through your body. The water demon turns to flee! The water demon hits! (2x) The water demon bites! You add to the writing in the dust with your fingers. The water demon turns to flee! The water demon hits! (2x) The water demon bites! You die... Final status: Goodbye Elrinda the Priestess, killed by a water demon... You died in The Dungeons of Doom on dungeon level 4 with 26759 points, and 188 pieces of gold, after 2994 moves. You were level 4 with a maximum of 30 hit points when you died.